 Dungeon Crawl Stone Soup version 0.27-a0-604-g29a88b33a7 (webtiles) character file.

Game seed: 6950749859377353847

2142 jasper the Covert (level 9, -4/38 (39) HPs)
             Began as a Spriggan Enchanter on Mar 12, 2021.
             Was a Believer of Nemelex Xobeh.
             Slain by a wight
             ... wielding a +4 scimitar of freezing
              (5 damage)
             ... on level 8 of the Dungeon.
             The game lasted 00:12:34 (8223 turns).

jasper the Covert (Spriggan Enchanter)              Turns: 8223, Time: 00:12:34

HP:   -4/38 (39)    AC:  3    Str:  4    XL:     9   Next: 9%
MP:   17/19         EV: 20    Int: 20    God:    Nemelex Xobeh [**....]
Gold: 238           SH:  0    Dex: 15    Spells: 11/20 levels left

rFire    . . .     SeeInvis +   n - +2 dagger (venom)
rCold    . . .     Faith    .   (shield restricted)
rNeg     . . .     Spirit   .   b - +0 robe
rPois    .         Reflect  .   (helmet restricted)
rElec    .         Harm     .   p - +0 cloak
rCorr    .         Rampage  .   (gloves unavailable)
Will     +....                  (boots unavailable)
Stlth    +++++.....             (no amulet)
HPRegen  0.12/turn              (no ring)
MPRegen  0.16/turn              (no ring)

@: confusing by touch, lightly drained, very quick
A: very small, unfitting armour, see invisible, speed 3
a: Renounce Religion, Draw Escape, Draw Destruction, Draw Summoning


You were on level 8 of the Dungeon.
You worshipped Nemelex Xobeh.
Nemelex Xobeh was pleased with you.
You visited 2 branches of the dungeon, and saw 9 of its levels.
You also visited: Ossuary.

You collected 268 gold pieces.
You spent 30 gold pieces at shops.

Inventory:

Hand Weapons
 a - a +1 dagger
 n - a +2 dagger of venom (weapon)
Missiles
 d - 173 stones
 f - 12 boomerangs
 g - 16 poisoned darts
 k - 3 throwing nets
Armour
 b - a +0 robe (worn)
 p - a +0 cloak (worn)
Wands
 i - a wand of paralysis (8)
 q - a wand of digging (4)
 s - a wand of acid (10)
Scrolls
 e - 6 scrolls of teleportation
 j - a scroll of blinking
 t - 2 scrolls of torment {unknown}
 u - 5 scrolls of identify
 x - a scroll of amnesia {unknown}
 y - a scroll of random uselessness {unknown}
 B - a scroll of silence {unknown}
 C - a scroll of brand weapon {unknown}
Potions
 c - a potion of attraction
 h - 2 potions of lignification
 l - a potion of curing {unknown}
 m - a potion of ambrosia {unknown}
 o - 2 potions of brilliance
 r - 3 potions of haste {unknown}
 v - 3 potions of heal wounds {unknown}
 w - a potion of mutation {unknown}
 z - 2 potions of degeneration {unknown}
 A - a potion of invisibility {unknown}


   Skills:
 - Level 1.1 Short Blades
 + Level 6.8 Dodging
 * Level 11.5 Stealth
 - Level 6.1 Spellcasting
 * Level 9.2 Hexes


You had 11 spell levels left.
You knew the following spells:

 Your Spells              Type           Power      Damage    Failure   Level
a - Corona                Hex            47%        N/A       1%          1
b - Ensorcelled Hibernat  Hex/Ice        48%        N/A       2%          2
c - Confusing Touch       Hex            43%        N/A       1%          3
d - Tukima's Dance        Hex            43%        N/A       1%          3

Your spell library contained the following spells:

 Spells                   Type           Power      Damage    Failure   Level
 Dazzling Flash           Conj/Hex       48%        N/A       4%          3


Dungeon Overview and Level Annotations

Branches:
Dungeon (8/15)             Temple (1/1) D:6         Ossuary (visited)
   Lair: D:8-11

Altars:
Ashenzari
Cheibriados
Dithmenos
Elyvilon
Fedhas
Gozag
Hepliaklqana
Kikubaaqudgha
Makhleb
Nemelex Xobeh
Okawaru
Ru
Sif Muna
Trog
Uskayaw
Vehumet
Wu Jian
Xom
Yredelemnul
Zin
The Shining One

Shops:
D:6 :*:

Annotations:
D:4 1 transporter, Grinder


Innate Abilities, Weirdness & Mutations

You are very small and have problems with some larger weapons.
You are too small for most types of armour.
You have supernaturally acute eyesight. (SInv)
You cover ground extremely quickly. (Speed+++)


Message History

The wight is severely damaged.
Things that are here:
a +3 battleaxe; a +0 robe You draw a card...
You have drawn Wild Magic.
The wight is covered in a thin layer of ice.
The wight resists.
The wight convulses helplessly with pain.
The wight completely resists.
You feel a surge of magic.
You draw a card...
You have drawn Pain.
Press: ? - help, Shift-Dir - straight line, f/p - wight
Aim: a wight, wielding a +4 scimitar of freezing and wearing a +0 robe (severely damaged, covered in acid)
The wight is unaffected.
The wight is no longer covered in acid.
The wight misses you.
Casting: Confusing Touch (safe; 1% risk of failure)
Confirm with . or Enter, or press ? or * to list all spells.
Your hands begin to glow red.
The wight closely misses you.
You now have 16/19 mp.
You hit the wight but do no damage.
The wight is heavily damaged.
The wight completely misses you.
You barely miss the wight.
The wight is heavily damaged.
The wight completely misses you.
You hit the wight but do no damage.
The wight is heavily damaged.
You hit the wight but do no damage.
The wight is heavily damaged.
The wight hits you with a +4 scimitar of freezing!
The wight freezes you.
You take 12 damage, and have 12/39 hp.
MASSIVE DAMAGE!!
You barely miss the wight.
The wight is heavily damaged.
The wight hits you with a +4 scimitar of freezing!
* * * LOW HITPOINT WARNING * * *
You feel drained.
* * * LOW HITPOINT WARNING * * *
The wight freezes you.
You die...
Your body glows slightly and disappears.

########## #.[......#
#........# #######
#........# #.....#
#.....[..# #.[...#
###........###...[.##
#>...................
#..................<.
####@#########.....##
#z# #.....# #z#
####### #)# #.#######
#......z#######
#.............#
#.....z.......#
#.............####


You could see 2 wights.

Vanquished Creatures
  A two-headed ogre (D:8)
  A wraith (Ossuary)
  2 centaurs
  2 bullfrogs
  A wyvern skeleton (D:8)
  3 scorpions
  3 killer bees (D:7)
  2 wights (D:8)
  2 hounds (D:6)
  4 orc wizards
  An iguana (D:7)
  5 worker ants
  A worker ant zombie (D:6)
  Robin (D:1)
  8 gnolls (D:6)
  6 adders
  2 shadow imps
  2 white imps
  An adder zombie (D:7)
  An ooze (D:3)
  2 adder skeletons (D:6)
  A dart slug (D:3)
  2 leopard geckos
  6 orcs
  6 bats
  4 giant cockroaches
  16 goblins
  6 hobgoblins
  A jackal (D:7)
  5 kobolds
  A quokka (D:6)
  A frilled lizard (D:2)
  5 gnoll skeletons (Ossuary)
  4 kobold skeletons (Ossuary)
  8 orc skeletons (Ossuary)
  3 rats
120 creatures vanquished.

Vanquished Creatures (collateral kills)
  A water moccasin (D:7)
  An orc warrior (D:7)
  An orc priest (D:7)
  A mummy (Ossuary)
  2 gnolls (D:6)
  4 orcs (D:7)
  3 jackals (D:7)
  3 gnoll skeletons (Ossuary)
  A kobold skeleton (Ossuary)
  4 orc skeletons (Ossuary)
21 creatures vanquished.

Vanquished Creatures (others)
  A plant (D:4)
1 creature vanquished.

Grand Total: 142 creatures vanquished

Notes
Turn   | Place    | Note
-------+----------+-------------------------------------------
     0 | D:1      | jasper the Spriggan Enchanter began the quest for the Orb.
     0 | D:1      | Reached XP level 1. HP: 9/9 MP: 5/5
  1192 | D:2      | Noticed Robin
  1205 | D:2      | Reached XP level 2. HP: 5/13 MP: 6/6
  1208 | D:2      | Learned a level 2 spell: Ensorcelled Hibernation
  1339 | D:1      | Killed Robin
  1340 | D:1      | Reached skill level 5 in Stealth
  1667 | D:2      | Reached XP level 3. HP: 16/16 MP: 5/8
  1675 | D:2      | Learned a level 3 spell: Confusing Touch
  1715 | D:2      | Found a sparkling altar of Nemelex Xobeh.
  1765 | D:2      | Became a worshipper of Nemelex Xobeh the Trickster
  2409 | D:3      | Found a sacrificial altar of Ru.
  2709 | D:3      | Found a shimmering altar of Xom.
  2710 | D:3      | Found a hazy altar of Hepliaklqana.
  2711 | D:3      | Noticed a spectral ugly thing
  2767 | D:3      | Reached XP level 4. HP: 21/21 MP: 9/9
  3033 | D:3      | Found a hide-covered altar of Uskayaw.
  3035 | D:3      | Found an ornate altar of the Wu Jian Council.
  3035 | D:3      | Found a basalt altar of Yredelemnul.
  3036 | D:3      | Found a broken altar of Ashenzari.
  3381 | D:4      | Noticed Grinder
  3391 | D:3      | Learned a level 3 spell: Tukima's Dance
  3634 | D:4      | Found a transporter.
  3649 | D:4      | Reached skill level 6 in Stealth
  3801 | D:5      | Entered Level 5 of the Dungeon
  3807 | D:5      | Reached skill level 5 in Hexes
  3846 | D:5      | Found a broken altar of Ashenzari.
  3900 | D:6      | Reached * piety under Nemelex Xobeh
  3900 | D:6      | Received a gift from Nemelex Xobeh
  3980 | D:6      | Reached XP level 5. HP: 24/24 MP: 11/11
  3994 | D:6      | Found Qicucerph's Book Shoppe.
  4105 | D:6      | Reached skill level 7 in Stealth
  4287 | D:6      | Reached XP level 6. HP: 27/28 MP: 9/12
  4408 | D:6      | Found Axea's General Store.
  4492 | D:6      | Bought a scroll of identify for 30 gold pieces
  4521 | D:6      | Found a staircase to the Ecumenical Temple.
  4542 | D:6      | Reached skill level 8 in Stealth
  4551 | D:6      | Reached XP level 7. HP: 28/32 MP: 0/14
  4565 | Temple   | Entered the Ecumenical Temple
  4921 | D:6      | Found Akhloitoy's Book Shoppe.
  5916 | D:7      | Reached skill level 5 in Dodging
  6057 | D:7      | Reached skill level 9 in Stealth
  6058 | D:7      | Noticed a vampire mosquito
  6343 | D:7      | Reached skill level 5 in Spellcasting
  6707 | D:7      | Found a white marble altar of Elyvilon.
  6762 | D:7      | Reached XP level 8. HP: 36/36 MP: 10/16
  6841 | D:7      | Reached ** piety under Nemelex Xobeh
  7463 | D:8      | Noticed a two-headed ogre
  7486 | D:8      | Found a sand-covered staircase.
  7499 | D:8      | Killed a two-headed ogre
  7500 | D:8      | Reached skill level 11 in Stealth
  7517 | Ossuary  | Entered an ossuary
  7653 | Ossuary  | Reached XP level 9. HP: 37/39 MP: 19/19
  7723 | Ossuary  | Received a gift from Nemelex Xobeh
  8223 | D:8      | HP: 1/38 [wight/+4 scimitar of freezing (2)]
  8223 | D:8      | Slain by a wight

Illustrated notes

Levels and vault maps discovered:
D:1:      amcnicky_arrival_wind_blow, layout_basic
D:2:      layout_rooms, nemelex_xobeh_ov_fountains_minmay, uniq_robin
D:3:      layout_rooms, regret_index_temple_of_mockery,
          grunt_temple_overflow_open
D:4:      gammafunk_steamed_eel, layout_cave_pools,
          nicolae_elyvilon_temple_path, nicolae_qazlal_style_of_elements,
          nicolae_dithmenos_the_darkroom, uniq_grinder
D:5:      layout_cave_pools, serial_shops, shop, shop, nicolae_shop_trees,
          nicolae_shop_competitors_out_of_business, kennysheep_mini_moat,
          basic_altar
D:6:      layout_loops_ring, minmay_temple_entry_junction_2, serial_shops,
          nicolae_shop_statue_plus, shop,
          nicolae_shop_competitors_out_of_business, dk_noncrumbling_3,
          patterned_corridor
D:7:      layout_basic, minmay_hedge_maze, elyvilon_altar_3
D:8:      layout_basic, nicolae_ossuary_entry_monument,
          minmay_fractal_squares_gapless_5
Temple:   minmay_temple_bridge_abc

Skill      XL: |  1  2  3  4  5  6  7  8 |
---------------+-------------------------+-----
Dodging        | 3 4 5 6 |  6.8
Stealth        | 5 6 7 8 9 11 | 11.5
Spellcasting   | 3 4 5 6 |  6.1
Hexes          | 4 5 6 7 9 |  9.2
Short Blades   | |  1.1

Action                   |  1- 3 |  4- 6 |  7- 9 || total
-------------------------+-------+-------+-------++-------
Melee: Dagger            |    80 |    93 |   131 ||   304
Throw: Dart              |    18 |       |       ||    18
       Throwing net      |     1 |       |       ||     1
       Boomerang         |       |     3 |       ||     3
 Cast: Corona            |     2 |       |       ||     2
       Ensorcelled Hiber |    36 |    29 |    44 ||   109
       Confusing Touch   |       |     3 |     5 ||     8
Invok: Draw Summoning    |       |     2 |     4 ||     6
       Draw Destruction  |       |       |     7 ||     7
  Use: Scroll            |       |     6 |       ||     6
       Potion            |       |     1 |       ||     1
 Stab: Held in net/web   |     1 |       |       ||     1
       Sleeping          |    24 |    24 |    29 ||    77
       Confused          |       |     2 |     2 ||     4
Armor: Robe              |     6 |     6 |     4 ||    16
       Skin              |       |     9 |       ||     9
Dodge: Dodged            |    64 |    56 |   114 ||   234

Table legend: (Time is in decaauts)
 A = Elapsed time spent in this place.
 B = Non-inter-level travel time spent in this place.
 C = Inter-level travel time spent in this place.
 D = Time resting spent in this place.
 E = Time spent auto-exploring this place.
 F = Levels seen in this place.
 G = Mean time per level.
                   A        B        C        D        E       F      G
               +--------+--------+--------+--------+--------+-----+--------+
         Total |   6691 |   6568 |    123 |   1659 |   3800 |  10 |  669.1 |
       Dungeon |   6115 |   6005 |    110 |   1570 |   3448 |   8 |  764.4 |
        Temple |    209 |    196 |     13 |     89 |    102 |   1 |  209.0 |
       Ossuary |    367 |    367 |      0 |      0 |    250 |   1 |  367.0 |
               +--------+--------+--------+--------+--------+-----+--------+

Top non-repeatable levels by time:
     D:6: 1408 daAuts
     D:7: 1275 daAuts
     D:3: 1054 daAuts
     D:1: 1053 daAuts
     D:2: 882 daAuts
 Ossuary: 367 daAuts
     D:8: 295 daAuts
  Temple: 209 daAuts
     D:4: 96 daAuts
     D:5: 49 daAuts
